[Event "DPEM German Cup 2020"]
[Site "Magdeburg"]
[Date "2020.08.20"]
[Round "1.2"]
[White "Falk, Kristoffer"]
[Black "Sergin, Mark"]
[Result "1-0"]
[ECO "A46"]
[WhiteElo "2042"]
[BlackElo "2233"]
[Annotator "RC"]
[PlyCount "57"]
[EventDate "2020.07.30"]
[EventType "k.o."]
[EventCountry "GER"]
[SourceTitle "playchess.com"]
[Source "ChessBase"]
[SourceQuality "1"]
[TimeControl "40/5400+30:900+30"]

1. d4 Nf6 2. Nf3 e6 3. c4 c5 4. g3 cxd4 5. Nxd4 Nc6 6. Bg2 Bc5 7. Nc2 O-O 8. O-O a6 9. Nc3 Be7 10. b3 d6 11. Bb2 Qc7 12. Rc1 Rb8 13. Ne3 Ne5 14. Rc2 b6 15. Qa1 Bb7 16. Rd1 Bxg2 17. Kxg2 Rfc8 18. Qc1 b5 19. cxb5 axb5 20. Ncd5 Nxd5 21. Rxc7 Rxc7 22. Qd2 Nxe3+ 23. Qxe3 Nd7 24. Rc1 Rbc8 25. Rxc7 Rxc7 26. Qd3 b4 27. Qb5 d5 28. Be5 Ra7 29. Bb8 1-0

[Event "DPEM German Cup 2020"]
[Site "Magdeburg"]
[Date "2020.08.20"]
[Round "1.4"]
[White "Zeuner, Ole"]
[Black "Keyser, Philipp"]
[Result "0-1"]
[ECO "B90"]
[WhiteElo "1821"]
[BlackElo "1995"]
[Annotator "ChessBase"]
[PlyCount "118"]
[EventDate "2020.07.30"]
[EventType "k.o."]
[EventCountry "GER"]
[SourceTitle "playchess.com"]
[Source "ChessBase"]
[SourceQuality "1"]
[TimeControl "40/5400+30:900+30"]

1. e4 c5 2. Nf3 d6 3. d4 cxd4 4. Nxd4 Nf6 5. Nc3 a6 6. Be3 e6 7. g4 b5 8. g5 Nfd7 9. Bg2 Bb7 10. Qe2 Nb6 11. f4 b4 12. Nd1 Qc7 13. O-O d5 14. Qh5 g6 15. Qg4 N8d7 16. f5 e5 17. fxg6 hxg6 18. Nb3 d4 19. Bd2 Nc4 20. Qf3 Rh7 21. Bh3 O-O-O 22. Be1 Be7 23. c3 Rdh8 24. Bxd7+ Qxd7 25. Bg3 Bxg5 26. Qd3 Nd6 27. Nc5 Qc6 28. cxd4 exd4 29. Qxd4 Nxe4 30. Nxe4 Qxe4 31. Qxe4 Bxe4 32. Re1 f5 33. Nf2 Bf3 34. Nd3 Be4 35. Nc5 Bb7 36. Ne6 Bd2 37. Re2 Rd7 38. Nc5 Rd5 39. Na4 Kd8 40. Nb6 Rd4 41. Be5 Re8 42. Bf6+ Kc7 43. Rxe8 Rg4+ 44. Kf1 Kxb6 45. Rd1 Bf4 46. Re6+ Kb5 47. Bd8 Bg2+ 48. Kf2 Bxh2 49. Rb6+ Kc5 50. Rxa6 Be4 51. Bf6 Bf4 52. b3 Rg3 53. Bd4+ Kb5 54. Re6 g5 55. Rg1 Rd3 56. Ba7 Rd2+ 57. Ke1 Rxa2 58. Bd4 Rc2 59. Kd1 Rd2+ 0-1

[Event "DPEM German Cup 2020"]
[Site "Magdeburg"]
[Date "2020.08.20"]
[Round "1.5"]
[White "Langrock, Hannes"]
[Black "Mueller, Philipp"]
[Result "1-0"]
[ECO "D71"]
[WhiteElo "2346"]
[BlackElo "2171"]
[Annotator "RC"]
[PlyCount "101"]
[EventDate "2020.07.30"]
[EventType "k.o."]
[EventCountry "GER"]
[SourceTitle "playchess.com"]
[Source "ChessBase"]
[SourceQuality "1"]
[TimeControl "40/5400+30:900+30"]

1. d4 Nf6 2. c4 g6 3. g3 c5 4. Nf3 Bg7 5. Bg2 O-O 6. O-O cxd4 7. Nxd4 d5 8. cxd5 Nxd5 9. Nc3 Nxc3 10. bxc3 Nc6 11. Be3 Na5 12. Qd3 Bd7 13. Nb3 Nxb3 14. axb3 Qc7 15. Rxa7 Rxa7 16. Bxa7 Bc6 17. Bxc6 Qxc6 18. c4 Be5 19. Rd1 h5 20. Qd5 Bd6 21. c5 Bb8 22. Qxc6 bxc6 23. Bb6 f5 24. b4 Kf7 25. Bd8 Bd6 26. Ba5 Be5 27. Rd3 g5 28. Bd8 h4 29. b5 cxb5 30. c6 h3 31. f4 gxf4 32. gxf4 Bxf4 33. c7 Bxc7 34. Bxc7 Rc8 35. Be5 Rc4 36. Kf2 Ke6 37. Bb2 b4 38. Rxh3 Kd5 39. Rd3+ Kc5 40. Re3 Rh4 41. Kg3 Rh6 42. Kf2 Rh4 43. h3 Kc4 44. Kg3 Rh6 45. Rxe7 Kb3 46. Bg7 Rh5 47. h4 Kc2 48. Rc7+ Kd2 49. Rb7 Kxe2 50. Rxb4 Rh7 51. Bf6 1-0

[Event "DPEM German Cup 2020"]
[Site "Magdeburg"]
[Date "2020.08.20"]
[Round "2.3"]
[White "Keyser, Philipp"]
[Black "Meyer-Dunker, Paul"]
[Result "1-0"]
[ECO "C63"]
[WhiteElo "1995"]
[BlackElo "2105"]
[Annotator "ChessBase"]
[PlyCount "61"]
[EventDate "2020.07.30"]
[EventType "k.o."]
[EventCountry "GER"]
[SourceTitle "playchess.com"]
[Source "ChessBase"]
[SourceQuality "1"]
[TimeControl "40/5400+30:900+30"]

1. e4 e5 2. Nf3 Nc6 3. Bb5 f5 4. Nc3 fxe4 5. Nxe4 Nf6 6. Nxf6+ Qxf6 7. Qe2 Be7 8. Bxc6 dxc6 9. Nxe5 O-O 10. O-O Bf5 11. f4 Kh8 12. d4 Rae8 13. Be3 Bd6 14. Rf2 c5 15. c3 cxd4 16. cxd4 Qe6 17. Qb5 Be4 18. a3 a6 19. Qc4 Qf5 20. Rd1 c6 21. Qb3 Bd5 22. Qxb7 Qe4 23. Re1 Rxf4 24. Bd2 Rxf2 25. Rxe4 Rxd2 26. Ng6+ hxg6 27. Rxe8+ Kh7 28. Qc8 Rxg2+ 29. Kf1 Kh6 30. Rh8+ Kg5 31. Qd8+ 1-0

[Event "DPEM German Cup 2020"]
[Site "Magdeburg"]
[Date "2020.08.20"]
[Round "2.4"]
[White "Gebigke, Martin"]
[Black "Langrock, Hannes"]
[Result "0-1"]
[ECO "A81"]
[WhiteElo "2077"]
[BlackElo "2346"]
[Annotator "ChessBase"]
[PlyCount "78"]
[EventDate "2020.07.30"]
[EventType "k.o."]
[EventCountry "GER"]
[SourceTitle "playchess.com"]
[Source "ChessBase"]
[SourceQuality "1"]
[TimeControl "40/5400+30:900+30"]

1. d4 f5 2. g3 Nf6 3. Bg2 g6 4. Nf3 Bg7 5. O-O O-O 6. b3 d6 7. Bb2 Ne4 8. Qc1 Nd7 9. d5 Ndf6 10. c4 c6 11. dxc6 bxc6 12. Nc3 Bd7 13. Nxe4 fxe4 14. Nd4 a5 15. Qd2 a4 16. Rab1 axb3 17. axb3 Qb6 18. b4 Ra2 19. e3 Rb8 20. Nc2 Be6 21. Qc3 Ne8 22. Qb3 Rxb2 23. Rxb2 Bxb2 24. Qxb2 Bxc4 25. Rc1 Nf6 26. Qc3 Bd5 27. Rd1 Rf8 28. h3 Nd7 29. b5 Qxb5 30. Nb4 Nf6 31. g4 h6 32. Bf1 Qb7 33. Nxd5 cxd5 34. Rc1 Kf7 35. Be2 Rb8 36. Rc2 Qb4 37. Qxb4 Rxb4 38. Kg2 d4 39. exd4 Rxd4 0-1

[Event "DPEM German Cup 2020"]
[Site "Magdeburg"]
[Date "2020.08.20"]
[Round "2.5"]
[White "Falk, Kristoffer"]
[Black "Weber, Samuel"]
[Result "1/2-1/2"]
[ECO "E10"]
[WhiteElo "2042"]
[BlackElo "2334"]
[Annotator "ChessBase"]
[PlyCount "30"]
[EventDate "2020.07.30"]
[EventType "k.o."]
[EventCountry "GER"]
[SourceTitle "playchess.com"]
[Source "ChessBase"]
[SourceQuality "1"]
[TimeControl "40/5400+30:900+30"]

1. d4 Nf6 2. Nf3 e6 3. c4 a6 4. g3 b5 5. Bg2 c5 6. b3 Bb7 7. cxb5 axb5 8. dxc5 Bxc5 9. O-O O-O 10. Nc3 Qb6 11. a4 b4 12. Nb5 Ne4 13. e3 d5 14. Re1 Nc6 15. Bb2 Rac8 1/2-1/2

[Event "DPEM German Cup 2020"]
[Site "Magdeburg"]
[Date "2020.08.20"]
[Round "2.6"]
[White "Cofmann, Veaceslav"]
[Black "Kuberczyk, Christoph"]
[Result "1-0"]
[ECO "E10"]
[WhiteElo "2272"]
[BlackElo "2348"]
[Annotator "ChessBase"]
[PlyCount "63"]
[EventDate "2020.07.30"]
[EventType "k.o."]
[EventCountry "GER"]
[SourceTitle "playchess.com"]
[Source "ChessBase"]
[SourceQuality "1"]
[TimeControl "40/5400+30:900+30"]

1. d4 Nf6 2. c4 e6 3. Nf3 c5 4. g3 cxd4 5. Nxd4 d5 6. Nf3 Nc6 7. cxd5 Qxd5 8. Bd2 Qh5 9. Nc3 Bc5 10. Bg5 O-O 11. Bxf6 gxf6 12. Bg2 Rd8 13. Qc1 Bd7 14. O-O Rac8 15. Rd1 Be8 16. Qf4 Be7 17. g4 Qa5 18. Ne4 Rxd1+ 19. Rxd1 Rd8 20. Rc1 f5 21. gxf5 Qxf5 22. Qxf5 exf5 23. Ng3 Bd7 24. Bh3 Be6 25. Nxf5 Bf8 26. a3 Bg7 27. Nxg7 Bxh3 28. Nh5 Kf8 29. Nf4 Bg4 30. Kg2 Bxf3+ 31. Kxf3 Rd2 32. Nd3 1-0

[Event "DPEM German Cup 2020"]
[Site "Magdeburg"]
[Date "2020.08.20"]
[Round "2.7"]
[White "Kopylov, Michael"]
[Black "Tiarks, Jann-Christian"]
[Result "1-0"]
[ECO "A81"]
[WhiteElo "2393"]
[BlackElo "2159"]
[Annotator "ChessBase"]
[PlyCount "55"]
[EventDate "2020.07.30"]
[EventType "k.o."]
[EventCountry "GER"]
[SourceTitle "playchess.com"]
[Source "ChessBase"]
[SourceQuality "1"]
[TimeControl "40/5400+30:900+30"]

1. d4 f5 2. g3 Nf6 3. Bg2 e6 4. Nf3 d5 5. O-O Bd6 6. c4 c6 7. Qc2 O-O 8. Nc3 b6 9. Ne5 Qe7 10. cxd5 exd5 11. Nxc6 Nxc6 12. Nxd5 Nxd5 13. Bxd5+ Be6 14. Qxc6 Rac8 15. Qb5 Kh8 16. Bg5 Qxg5 17. Bxe6 Rce8 18. Bd7 Re7 19. Rac1 h5 20. Rc8 Ref7 21. Qd5 Qg6 22. Rfc1 h4 23. Be6 Rxc8 24. Rxc8+ Rf8 25. Qxf5 Qxf5 26. Bxf5 hxg3 27. Rxf8+ Bxf8 28. hxg3 1-0

[Event "DPEM German Cup 2020"]
[Site "Magdeburg"]
[Date "2020.08.22"]
[Round "5.1"]
[White "Neyman, Igor"]
[Black "Kopylov, Michael"]
[Result "1/2-1/2"]
[ECO "D22"]
[WhiteElo "2345"]
[BlackElo "2393"]
[Annotator "ChessBase"]
[PlyCount "80"]
[EventDate "2020.07.30"]
[EventType "k.o."]
[EventCountry "GER"]
[SourceTitle "playchess.com"]
[Source "ChessBase"]
[SourceQuality "1"]
[TimeControl "40/5400+30:900+30"]

1. d4 d5 2. c4 dxc4 3. Nf3 a6 4. e3 b5 5. a4 Bb7 6. b3 e6 7. axb5 axb5 8. Rxa8 Bxa8 9. bxc4 bxc4 10. Bxc4 Nf6 11. O-O Nbd7 12. Nc3 Be7 13. Qe2 c5 14. dxc5 O-O 15. Bb2 Nxc5 16. h3 Qb6 17. Nb5 Nce4 18. Be5 Rc8 19. Bd3 h6 20. Ra1 Bd5 21. Qb2 Nc5 22. Be2 Nce4 23. Rc1 Rxc1+ 24. Qxc1 Qc6 25. Qxc6 Bxc6 26. Nfd4 Bxb5 27. Nxb5 Ne8 28. Bf3 N4d6 29. Bc6 Nxb5 30. Bxb5 Bf6 31. Bxe8 Bxe5 32. f4 Bc7 33. Kf2 Kf8 34. Ba4 h5 35. g4 hxg4 36. hxg4 Ke7 37. Kf3 Bb6 38. g5 g6 39. e4 Bc7 40. Kg4 Bb8 1/2-1/2